AoeStats
← snowshawnskate

Arabia

510212194Analyzed
1v1 RM · 4d ago on Sep 30, 2026· 52m 3s· 2 players
Game mode
Random Map
Map size
Tiny (2 player)
Population
200
Speed
Normal
Resources
Standard
Victory
Conquest
Starting age
Dark Age
Ending age
Imperial Age
RankedLock teamsTeams togetherTeam positionsShared explorationLock speedFull tech treeHidden civsTurbo modeCheats
Victory
Defeat
🇺🇸 Byzantines · United States
1953
+17
🇦🇷 Bohemians · Argentina
1970
-17
snowshawnskate
6:20 Loom
8:55 Feudal Age
15:57 Wheelbarrow
15:53 Arson
16:56 Padded Archer Armor
18:46 Fletching
24:18 Castle Age
24:12 Double-Bit Axe
25:03 Bodkin Arrow
24:47 Elite Skirmisher
27:46 Guard Tower
29:58 Horse Collar
31:58 Ballistics
33:45 Sanctity
33:50 Bow Saw
34:13 Leather Archer Armor
38:05 Redemption
41:05 Imperial Age
41:57 Hand Cart
41:52 Bracer
42:15 Treadmill Crane
43:15 Keep
42:25 Arrowslits
44:21 Chemistry
43:25 Gold Mining
45:32 Ring Archer Armor
45:49 Block Printing
46:14 Conscription
47:05 Two-Man Saw
46:06 Heavy Plow
47:20 Scale Barding Armor
47:38 Light Cavalry
48:19 Husbandry
Pato Lucas
7:30 Loom
9:51 Feudal Age
10:19 Double-Bit Axe
16:47 Fletching
24:29 Castle Age
23:04 Horse Collar
24:41 Crossbowman
25:17 Bodkin Arrow
25:50 Bow Saw
25:41 Heavy Plow
26:47 Wheelbarrow
27:34 Bodkin Arrow
28:16 Fervor
41:30 Imperial Age
39:39 Crossbowman
42:00 Chemistry
42:53 Masonry
42:24 Sappers
42:37 Houfnice
42:43 Arbalester
44:25 Bracer
44:57 Architecture
Connection lost

Rejoining the realm…

Still unreachable

The connection could not be restored.

Session expired

The server has moved on; the page needs a fresh start.